 Dungeon Crawl Stone Soup version 0.31-a0-1-g4198be8 (webtiles) character file.

Game seed: 5321230625145779181

1319965 Dhd the Cryomancer (level 27, 224/224 HPs)
             Began as a Human Cinder Acolyte on Apr 28, 2023.
             Was an Elder of Ignis.
             Escaped with the Orb
             ... and 3 runes on Apr 30, 2023!
             The game lasted 10:17:09 (122376 turns).

Dhd the Cryomancer (Human Cinder Acolyte)         Turns: 122376, Time: 10:17:09

Health: 224/224    AC: 16    Str: 20    XL:     27
Magic:  43/63      EV: 22    Int: 37    God:    Ignis [****..]
Gold:   6022       SH: 20    Dex: 14    Spells: 14/62 levels left

rFire   + + .        a - staff of cold
rCold   + + .        F - +3 buckler {AC+3}
rNeg    . . .        y - +0 leather armour of Beyond {rPois Regen+ Int+5 Dex-2}
rPois   +            T - +2 hat of the Trees {Rampage Int+5}
rElec   +            u - scarf {rC+ rF+}
rCorr   .            f - +2 pair of gloves {Str+3}
SInv    .            z - +2 pair of boots
Will    +++..        J - amulet "Hacira" {Reflect MP+9 Int+2 SH+5}
Stlth   +            H - ring "Tewkyta" {rElec rPois Will+ MP+9 Dex+2}
HPRegen 1.37/turn    N - ring "Veumne Otong" {Str+4 Int+6 Dex+2}
MPRegen 0.38/turn

%: reflection, rampage
@: slightly contaminated, studying 2 skills
A: large bone plates 1, clumsy 1, dopey 2, screaming 1, weak 1, sturdy frame 1
0: Orb of Zot
}: 3/15 runes: decaying, silver, gossamer
a: Renounce Religion, Fiery Armour, Foxfire Swarm, Rising Flame


You escaped.
You worshipped Ignis.
Ignis was greatly pleased with you.
You visited 10 branches of the dungeon, and saw 48 of its levels.
You also visited: Ice Cave.

You collected 9070 gold pieces.
You spent 3048 gold pieces at shops.

Inventory:

Hand Weapons
 b - a +9 demon blade of electrocution
Missiles
 A - 6 throwing nets
 W - 7 curare-tipped darts
Armour
 f - a +2 pair of gloves of strength (worn)
 u - a scarf of resistance (worn)
 w - a +0 buckler of reflection
 y - the +0 leather armour of Beyond (worn) {rPois Regen+ Int+5 Dex-2}
   (You found it on level 7 of the Dungeon)

   Int:       It affects your intelligence (+5).
   Dex:       It affects your dexterity (-2).
   rPois:     It protects you from poison.
   Regen:     It increases your rate of health regeneration.
 z - a +2 pair of boots (worn)
 F - a +3 buckler of protection (worn)
 T - the +2 hat of the Trees (worn) {Rampage Int+5}
   (You found it on level 4 of the Spider Nest)

   Int:       It affects your intelligence (+5).
   Rampage:   It bestows one free step when moving towards enemies.
Magical Staves
 a - a staff of cold (weapon)
Jewellery
 k - the ring of Panentheism {Str+6 SInv}
   (You found it on level 1 of the Spider Nest)

   [ring of strength]

   Str:       It affects your strength (+6).
   SInv:      It lets you see invisible.
 v - a ring of resist corrosion
 H - the ring "Tewkyta" (left hand) {rElec rPois Will+ MP+9 Dex+2}
   (You took it off a deep elf annihilator on level 3 of the Elven Halls)

   [ring of willpower]

   Dex:       It affects your dexterity (+2).
   rElec:     It insulates you from electricity.
   rPois:     It protects you from poison.
   MP:        It affects your magic capacity (+9).
   Will:      It increases your willpower.
 J - the amulet "Hacira" (around neck) {Reflect MP+9 Int+2 SH+5}
   (You took it off a centaur on level 7 of the Dungeon)

   [amulet of reflection]

   It reflects blocked missile attacks.
   Int:       It affects your intelligence (+2).
   MP:        It affects your magic capacity (+9).
   SH:        It affects your SH (+5).
 M - the amulet "Xaoguh" {Acrobat Will+}
   (You acquired it on level 2 of the Depths)

   [amulet of the acrobat]

   It increases your evasion while moving and waiting.
   Will:      It increases your willpower.
 N - the ring "Veumne Otong" (right hand) {Str+4 Int+6 Dex+2}
   (You found it on level 5 of the Lair of Beasts)

   [ring of intelligence]

   Str:       It affects your strength (+4).
   Int:       It affects your intelligence (+6).
   Dex:       It affects your dexterity (+2).
Wands
 g - a wand of flame (93) (quivered)
 h - a wand of mindburst (16)
 n - a wand of polymorph (15)
 C - a wand of digging (19)
 P - a wand of iceblast (27)
 X - a wand of acid (31)
Scrolls
 c - 7 scrolls of vulnerability {!r}
 l - 6 scrolls of enchant armour
 o - 9 scrolls of blinking
 B - 26 scrolls of teleportation {@r2}
 D - 3 scrolls of butterflies
 E - 5 scrolls of fear
 I - 8 scrolls of fog
 K - 3 scrolls of magic mapping
 Q - 5 scrolls of poison
 U - 5 scrolls of immolation {!r}
 Y - 2 scrolls of brand weapon
Potions
 d - 8 potions of haste {@q3}
 e - 9 potions of heal wounds {@q2}
 j - 7 potions of resistance
 m - 3 potions of brilliance
 p - 9 potions of flight
 q - 24 potions of curing {@q1}
 r - 5 potions of cancellation
 s - 9 potions of lignification {!q}
 x - a potion of magic
 G - 5 potions of invisibility
 O - 11 potions of ambrosia
 S - 5 potions of might
 Z - 10 potions of mutation {!q}
Miscellaneous
 i - a lightning rod (4/4)
 t - a phantom mirror (inert)
 L - a box of beasts
 R - a condenser vane
 V - a phial of floods


   Skills:
 + Level 19.9 Fighting
 - Level 3.0 Long Blades
 - Level 2.0 Polearms
 - Level 2.0 Throwing
 + Level 11.0 Armour
 + Level 19.9 Dodging
 - Level 7.0 Stealth
 - Level 15.0 Shields
 - Level 18.0 Spellcasting
 - Level 11.0 Conjurations
 - Level 4.0 Hexes
 - Level 1.0 Translocations
 - Level 5.0 Transmutations
 - Level 6.0 Fire Magic
 - Level 25.0 Ice Magic
 - Level 8.0 Earth Magic
 - Level 13.0 Evocations


You had 14 spell levels left.
You knew the following spells:

 Your Spells              Type           Power      Damage    Failure   Level
a - Iron Shot             Conj/Erth      40%        9d8       3%          6
b - Irradiate             Conj/Tmut      37%        3d24      1%          5
c - Ozocubu's Refrigerat  Ice            72%        4d23      1%          7
d - Polar Vortex          Ice            72%        N/A       3%          9
e - Yara's Violent Unrav  Hex/Tmut       30%        3d13      4%          5
f - Ozocubu's Armour      Ice            100%       N/A       0%          3
g - Lesser Beckoning      Tloc           80%        N/A       1%          2
h - Scorch                Fire           100%       2d9       1%          2
i - Apportation           Tloc           80%        N/A       1%          1
j - Passwall              Tmut/Erth      57%        N/A       1%          2
k - Fulminant Prism       Conj/Hex       36%        3d17      1%          4
l - Wereblood             Tmut           63%        N/A       1%          2

Your spell library contained the following spells:

 Spells                   Type           Power      Damage    Failure   Level
 Magic Dart               Conj           100%       1d8       0%          1
 Foxfire                  Conj/Fire      100%       2x1d9     1%          1
 Necrotise                Necr           100%       1d9       1%          1
 Summon Small Mammal      Summ           100%       N/A       1%          1
 Cigotuvi's Dreadful Rot  Necr/Pois/Air  66%        N/A       1%          2
 Searing Ray              Conj           100%       2d8       1%          2
 Sublimation of Blood     Necr           33%        N/A       1%          2
 Ignite Poison            Fire/Tmut/Pois 57%        N/A       1%          3
 Stone Arrow              Conj/Erth      100%       3d13      1%          3
 Summon Guardian Golem    Hex/Summ       48%        N/A       1%          3
 Tukima's Dance           Hex            58%        N/A       1%          3
 Animate Armour           Summ/Erth      100%       N/A       1%          4
 Flame Wave               Conj/Fire      77%        2d17      1%          4
 Petrify                  Tmut/Erth      69%        N/A       1%          4
 Sticky Flame             Conj/Fire      77%        2d9       1%          4
 Fireball                 Conj/Fire      38%        3d16      1%          5
 Freezing Cloud           Conj/Ice/Air   55%        6-21      1%          5
 Metabolic Englaciation   Hex/Ice        59%        N/A       1%          5
 Simulacrum               Ice/Necr       56%        N/A       1%          6
 Gell's Gravitas          Tloc           40%        N/A       2%          3
 Teleport Other           Tloc           40%        N/A       2%          3
 Vhi's Electric Charge    Tloc/Air       74%        N/A       2%          3
 Call Canine Familiar     Summ           33%        N/A       3%          3
 Arcjolt                  Conj/Air       32%        1d42      3%          5
 Blade Hands              Tmut           31%        N/A       3%          5
 Anguish                  Hex/Necr       24%        N/A       4%          4
 Passage of Golubria      Tloc           40%        N/A       7%          4
 Animate Dead             Necr           33%        N/A       11%         4
 Alistair's Intoxication  Tmut/Pois      34%        N/A       11%         5
 Statue Form              Tmut/Erth      46%        N/A       12%         6
 Summon Mana Viper        Hex/Summ       48%        N/A       13%         5
 Plasma Beam              Fire/Air       26%        2x1d42    43%         6
 Dragon Form              Tmut           31%        N/A       75%         7
 Lehudib's Crystal Spear  Conj/Erth      40%        10d10     82%         8
 Summon Cactus Giant      Summ           16%        N/A       86%         6
 Enfeeble                 Hex            29%        N/A       87%         7
 Ignition                 Fire           33%        3d10      99%         8
 Haunt                    Necr/Summ      16%        N/A       100%        7
 Summon Hydra             Summ           16%        N/A       100%        7
 Borgnjor's Revivificati  Necr           16%        N/A       100%        8
 Infestation              Necr           16%        N/A       100%        8
 Necromutation            Tmut/Necr      25%        N/A       100%        8
 Death's Door             Necr           16%        N/A       100%        9
 Shatter                  Erth           37%        3d30*     100%        9


Dungeon Overview and Level Annotations

Branches:
Dungeon (15/15)            Temple (1/1) D:7            Lair (5/5) D:10
  Swamp (4/4) Lair:3       Spider (4/4) Lair:3        Slime (0/5) Lair:5
    Orc (2/2) D:11            Elf (3/3) Orc:2        Vaults (5/5) D:13
  Crypt (0/3) Vaults:3     Depths (4/4) D:15            Zot (5/5) Depths:4
  IceCv (visited)

Altars:
Ashenzari
Cheibriados
Dithmenos
Elyvilon
Fedhas
Gozag
Hepliaklqana
Kikubaaqudgha
Makhleb
Nemelex Xobeh
Okawaru
Qazlal
Ru
Sif Muna
Trog
Uskayaw
Vehumet
Wu Jian
Xom
Yredelemnul
Zin
The Shining One
Jiyva
Lugonu

Shops:
D:2 !   D:7 (   Orc:1 [   Orc:2 *((=[   Elf:2 [   Vaults:1 [   Depths:1 :
Depths:2 :[   Depths:3 *

Portals:
Hell: Depths:1 Depths:2 Depths:3 Depths:4
Abyss: Lair:5 Depths:3
Pandemonium: Depths:2
Ziggurat: Depths:4
Trove: D:14 (give 7 scrolls of blinking)

Annotations:
Swamp:2 exclusion: downstairs
Spider:2 exclusion: downstairs
Orc:1 1 transporter, exclusion: downstairs
Depths:3 exclusion: downstairs
Zot:1 3 runed translucent doors, exclusion: 3 doors, Ipiohoh's ghost, master TrFi; Relipn's ghost, master DsHu


Innate Abilities, Weirdness & Mutations

You are partially covered in large bone plates. (SH +4)
You are clumsy. (Dex -2)
You are very dopey. (Int -4)
You occasionally shout uncontrollably at your foes.
You are weak. (Str -2)
Your movements are slightly less encumbered by armour. (ER -2)


Message History

Confirm with . or Enter, or press ? or * to list all spells.
You feel a surge of power!
A great freezing vortex appears and lifts you up.
A large abomination comes into view.
You block the large abomination's attack.
Casting: Polar Vortex (dangerous; 3% risk of failure)
Confirm with . or Enter, or press ? or * to list all spells.
You erupt in a fountain of uncontrolled magic!
The Executioner is blasted with magical radiation!!
The Executioner is moderately wounded.
The Executioner twists and deforms.
The large abomination is blasted with magical radiation!!!
You destroy the large abomination!
You are very lightly contaminated with residual magic.
You block the Executioner's attack. x2
The Executioner hits you but does no damage.
The Executioner completely misses you.
The Executioner hits you but does no damage.
The Executioner closely misses you.
Casting: Irradiate (mildly dangerous; 1% risk of failure)
Confirm with . or Enter, or press ? or * to list all spells.
You erupt in a fountain of uncontrolled magic!
The Executioner is blasted with magical radiation!!
You kill the Executioner!
You block the large abomination's attack.
Casting: Irradiate (mildly dangerous; 1% risk of failure)
Confirm with . or Enter, or press ? or * to list all spells.
You erupt in a fountain of uncontrolled magic!
The large abomination is blasted with magical radiation!
The large abomination is severely damaged.
You are lightly contaminated with residual magic.
You destroy the large abomination!
The winds around you start to calm down.
You float gracefully downwards.
You hear a trumpeting!
You are engulfed in whirling frost.
There is an open door here.
The winds around you calm down.
There is a staircase leading out of the dungeon here.
You have escaped!

#..#.P.P....#.)#..
#..#8.P.P.P.#..#..
#..#.....P..#..#..
#..#....P.........
#'##...8..........
##..#######........
#....#.............
#....#..........♣♣♣
##@.#######...♣♣♣
#### ♣♣♣♣♣ ### #.#
#.# # #.# ##
#####.###.
##...)#....
#.......##.


There were no monsters in sight!

Vanquished Creatures
  A dread lich (Vaults:5)
  An ancient lich (Zot:5)
  6 orbs of fire
  Mara (Vaults:2)
  Sojobo (Depths:1)
  Boris (Depths:4)
  9 Killer Klowns
  Saint Roka (Vaults:2)
  2 curse toes
  Bai Suzhen (Depths:2)
  5 caustic shrikes (Depths:4)
  Arachne (Spider:2)
  12 golden dragons
  9 electric golems
  A bone dragon (Depths:3)
  The ghost of Pawaof the Spry, a veteran KoBe of Uskayaw (Vaults:2)
  22 tentacled monstrosities
  25 Orb Guardians
  Zenata (Vaults:4)
  3 titans (Vaults:5)
  9 quicksilver dragons
  A deep elf blademaster (Elf:3)
  A deep elf master archer (Elf:3)
  An Executioner (D:1)
  15 death cobs
  6 sphinxes
  The ghost of Mango the Convoker, an adept FoSu of Hepliaklqana (Spider:1)
  6 tengu reavers
  A tentacled starspawn (Depths:2)
  A storm dragon (shapeshifter) (Depths:2)
  A thorn hunter (Swamp:3)
  A daeva (D:6)
  11 draconian monks
  Roxanne (Spider:2)
  9 storm dragons
  10 shadow dragons
  A rockslime (Depths:4)
  The ghost of Dega the Acrobat, an adept SpHu of Dithmenos (Elf:3)
  3 iron dragons
  5 deep elf sorcerers (Elf:3)
  16 vault wardens
  12 frost giants
  7 emperor scorpions
  5 fire giants
  9 draconian shifters
  6 ghost moths
  7 draconian knights
  8 draconian scorchers
  2 ghouls
  3 deep elf elementalists
  9 draconian stormcallers
  2 orc warlords
  17 ironbound preservers
  7 draconian annihilators
  43 very ugly things
  A war gargoyle (Vaults:5)
  The ghost of cpf86 the Unseen, a journeyman KoEn of Dithmenos (Spider:1)
  8 ironbound thunderhulks
  A broodmother (Spider:1)
  A vampire knight (Depths:4)
  6 eleionomae
  12 green draconians
  8 deep elf annihilators
  7 stone giants
  20 black draconians
  3 deep elf demonologists
  The ghost of Ysic the Spry, a journeyman FeSu of Gozag (Spider:1)
  The ghost of Ysic the Spry, a journeyman FeSu of Gozag (Spider:1)
  13 dire elephants
  6 spark wasps
  17 white draconians
  20 yellow draconians
  8 red draconians
  The ghost of Leboarus the Severer, a journeyman GrFi of Xom (Spider:1)
  6 bunyips
  6 deep elf death magi
  12 purple draconians
  11 fire dragons
  2 shambling mangroves
  2 jiangshi (Depths:3)
  9 ettins
  3 deep elf high priests
  16 yaktaur captains
  10 entropy weavers
  A salamander tyrant (Depths:4)
  8 great orbs of eyes
  Fannar (Lair:1)
  36 vault guards
  6 rakshasas
  A hell beast (Depths:3)
  10 ice dragons
  A jorogumo (Spider:3)
  Harold (Orc:1)
  23 hydras
  6 spriggan air magi
  8 two-headed ogres
  9 ironbound frosthearts
  2 ogre magi
  12 boulder beetles
  5 alligators
  A radroach (Spider:4)
  8 death yaks
  13 centaur warriors
  A hell hog (Depths:3)
  6 tengu warriors
  30 dancing weapons
  7 thrashing horrors
  7 deep troll earth magi
  4 death knights
  5 orc high priests
  6 spriggan berserkers
  A vampire mage (Depths:3)
  4 deep troll shamans
  4 shock serpents (Zot:1)
  A shock serpent (shapeshifter) (Vaults:5)
  17 deep elf knights
  9 hell knights
  A sun demon (Zot:4)
  A fire crab (Swamp:4)
  Sonja (D:12)
  A fire crab (shapeshifter) (Elf:2)
  2 sixfirhies (Zot:1)
  A shadow wraith (Vaults:5)
  12 pharaoh ants
  5 iron trolls
  A skeletal warrior (D:14)
  3 spriggan druids
  5 goliath frogs
  15 swamp dragons
  A glowing orange brain (shapeshifter) (Vaults:5)
  57 deep trolls
  8 deep elf archers
  A glowing orange brain (Depths:3)
  3 orc knights
  An orange crystal statue (IceCv)
  A flayed ghost (Depths:3)
  9 steelbarb worms
  11 orb spiders
  An obsidian statue (D:15)
  14 ironbound convokers
  4 phantasmal warriors (Vaults:5)
  14 lindwurms
  5 bog bodies
  31 deep elf zephyrmancers
  30 deep elf pyromancers
  A mana viper (shapeshifter) (Lair:5)
  6 necromancers
  14 wizards
  53 ugly things
  6 cyclopes
  5 will-o-the-wisps
  40 moths of wrath
  8 orc sorcerers
  7 manticores
  3 salamanders (Depths:4)
  21 wolf spiders
  A black mamba (shapeshifter) (Vaults:5)
  15 vault sentinels
  10 elephants
  A toenail golem (Depths:3)
  A frost giant skeleton (Vaults:1)
  2 elephants (shapeshifter)
  3 gargoyles
  12 demonic crawlers
  2 centaur skeletons (D:15)
  A naga mage (D:15)
  Joseph (D:8)
  An eye of devastation (shapeshifter) (Depths:2)
  7 centaur zombies (D:10)
  3 black mambas
  A cane toad (shapeshifter) (Vaults:4)
  10 cane toads
  4 torpor snails
  3 kobold demonologists
  An unseen horror (D:12)
  A human zombie (Vaults:1)
  4 rime drakes
  2 efreet
  A yaktaur (shapeshifter) (D:14)
  2 unseen horror zombies (D:10)
  6 komodo dragons
  27 yaktaurs
  2 freezing wraiths (IceCv)
  2 anaconda simulacra (IceCv)
  5 tengu conjurers
  A yaktaur skeleton (Vaults:1)
  2 ancient zymes (Lair:5)
  A golden dragon simulacrum (IceCv)
  A queen bee (Lair:2)
  5 bloated husks
  2 tarantellas (shapeshifter)
  9 meliai
  8 trolls
  3 polar bears
  3 raiju (Zot:1)
  24 tarantellas
  A wind drake (shapeshifter) (Vaults:5)
  13 hornets
  13 dream sheep
  10 tyrant leeches
  A dream sheep (shapeshifter) (Vaults:5)
  27 jumping spiders
  A meliai zombie (D:10)
  15 blink frogs
  41 slime creatures
  A centaur simulacrum (D:15)
  A stone giant simulacrum (Vaults:1)
  2 air elementals
  12 spriggans
  A culicivora (shapeshifter) (D:14)
  A shadow (D:12)
  19 culicivoras
  12 wyverns
  2 vampires (D:11)
  3 ynoxinuls (Lair:5)
  2 wraiths
  4 water elementals
  2 fire elementals
  8 basilisks
  66 yaks
  7 starcursed masses (Depths:2)
  2 chaos spawn
  6 vampire mosquitoes
  4 steam dragons
  78 redbacks
  14 swamp worms
  A harpy simulacrum (IceCv)
  A warg (Orc:2)
  A warg (shapeshifter) (D:14)
  5 large abominations
  16 water moccasins
  A floating eye (Depths:4)
  A hydra simulacrum (IceCv)
  A water moccasin (shapeshifter) (Depths:3)
  5 black bears
  37 orc warriors
  13 swamp drakes
  An alligator simulacrum (IceCv)
  An ettin simulacrum (Vaults:1)
  4 ice beasts
  8 ogres
  44 wolves
  13 centaurs
  A phantom (D:6)
  5 kobold brigands
  9 bullfrogs
  2 gnoll sergeants
  2 earth elementals
  2 necrophages (Swamp:4)
  6 scorpions
  3 wights (D:7)
  7 small abominations
  2 lindwurm simulacra (IceCv)
  35 killer bees
  2 electric eels
  7 howler monkeys
  2 jellies
  A gnoll bouda (D:4)
  13 orc priests
  4 hounds
  6 iguanas
  A sleepcap (D:5)
  Natasha (thrice) (D:3)
  5 lightning spires (Zot:1)
  16 orc wizards
  A howler monkey zombie (D:10)
  15 gnolls
  9 adders
  A white imp (D:5)
  6 worms
  A dart slug (D:1)
  100 orcs
  8 ball pythons
  11 bats
  8 endoplasms
  3 giant cockroaches
  9 goblins
  4 hobgoblins
  25 kobolds
  2 quokkas (D:1)
  3 frilled lizards
  4 rats
  3 ball lightnings (Zot:1)
  A bush (Vaults:2)
  A fulminant prism (IceCv)
  A lurking horror (Depths:2)
  2 starspawn tentacles (Depths:2)
2275 creatures vanquished.

Vanquished Creatures (collateral kills)
  Jorgrun (Orc:2)
  Mlioglotl (Swamp:3)
  A redback (Spider:2)
  2 orcs
5 creatures vanquished.

Vanquished Creatures (others)
  A draconian shifter (Zot:1)
  A purple draconian (Zot:5)
  3 black draconians (Zot:1)
  A tengu warrior (Depths:1)
  A swamp dragon (Swamp:4)
  A basilisk (Lair:5)
  A steam dragon (Swamp:4)
  3 swamp drakes (Swamp:4)
  An orc (Vaults:2)
  A kobold (D:14)
  2 ball lightnings (Zot:1)
  A bush (Lair:5)
  4 foxfires (Swamp:4)
  100 fulminant prisms
  87 fungi
  93 plants
301 creatures vanquished.

Grand Total: 2581 creatures vanquished

Notes
Turn   | Place    | Note
-------+----------+-------------------------------------------
     0 | D:1      | Dhd the Human Cinder Acolyte began the quest for the Orb.
     0 | D:1      | Reached XP level 1. HP: 18/18 MP: 2/2
    59 | D:1      | Reached skill level 1 in Stealth
   210 | D:1      | Reached XP level 2. HP: 24/24 MP: 3/3
   301 | D:1      | Learned a level 2 spell: Scorch
   340 | D:1      | You fall into a shaft and drop 1 floor!
   417 | D:2      | Found a snail-covered altar of Cheibriados.
   758 | D:1      | Reached XP level 3. HP: 29/29 MP: 4/4
  1206 | D:2      | Found Dyru's Distillery.
  1250 | D:2      | Bought a potion of curing for 30 gold pieces
  1280 | D:2      | Bought a potion of lignification for 30 gold pieces
  1371 | D:2      | Reached XP level 4. HP: 29/35 MP: 1/6
  1726 | D:2      | Bought a potion of curing for 30 gold pieces
  2016 | D:3      | Noticed an ice beast
  2023 | D:3      | Reached XP level 5. HP: 38/42 MP: 8/8
  2026 | D:3      | Killed an ice beast
  2027 | D:3      | Reached XP level 6. HP: 39/48 MP: 6/9
  2483 | D:3      | Upgraded the game from 0.30-a0-1163-gf69bf04 to
                  | 0.30-a0-1164-ge08a677
  2707 | D:3      | Noticed Natasha
  2722 | D:3      | Killed Natasha
  2778 | D:3      | Noticed Natasha
  2784 | D:3      | Killed Natasha
  2886 | D:2      | Bought a potion of might for 40 gold pieces
  3068 | D:2      | Found Dyru's Distillery.
  3571 | D:3      | Learned a level 2 spell: Wereblood
  3665 | D:3      | Found a burning altar of Makhleb.
  4560 | D:4      | Reached XP level 7. HP: 55/55 MP: 3/10
  4830 | D:4      | Reached skill level 5 in Fire Magic
  5521 | D:4      | Reached skill level 5 in Fighting
  5527 | D:4      | Reached skill level 1 in Dodging
  5864 | D:3      | Noticed Natasha
  5866 | D:3      | Killed Natasha
  5910 | D:2      | Bought a potion of haste for 100 gold pieces
  5910 | D:2      | Bought a potion of degeneration for 10 gold pieces
  6084 | D:5      | Entered Level 5 of the Dungeon
  6084 | D:5      | Noticed a water moccasin
  6126 | D:5      | Found a stormy altar of Qazlal.
  6211 | D:5      | Found a glowing golden altar of the Shining One.
  6213 | D:5      | Found a sparkling altar of Nemelex Xobeh.
  6693 | D:5      | Reached XP level 8. HP: 63/63 MP: 3/13
  6879 | D:5      | Reached skill level 1 in Polearms
  6879 | D:5      | Reached skill level 1 in Evocations
  8660 | D:5      | Reached XP level 9. HP: 70/71 MP: 8/15
  8840 | D:6      | Found an iron altar of Okawaru.
  8896 | D:6      | Found a snail-covered altar of Cheibriados.
  9160 | D:5      | Reached skill level 1 in Throwing
  9529 | D:7      | Found a staircase to the Ecumenical Temple.
  9587 | D:7      | Identified the amulet "Hacira" {Reflect MP+9 Int+2 SH+5}
  9604 | Temple   | Entered the Ecumenical Temple
 10048 | D:7      | Identified the +0 leather armour of Beyond {rPois Regen+
                  | Int+5 Dex-2}
 10117 | D:7      | Found Kifromam's Weapon Shoppe.
 10672 | D:2      | Bought a potion of brilliance for 40 gold pieces
 10672 | D:2      | Bought a potion of cancellation for 80 gold pieces
 11087 | D:8      | Reached skill level 1 in Armour
 11545 | D:8      | Noticed a hornet
 11550 | D:8      | Killed a hornet
 11551 | D:8      | Reached skill level 5 in Evocations
 11551 | D:8      | Reached XP level 10. HP: 80/80 MP: 16/16
 11580 | D:8      | Noticed Joseph
 11593 | D:8      | Killed Joseph
 13184 | D:9      | Reached skill level 5 in Shields
 14004 | D:9      | Reached skill level 5 in Dodging
 14189 | D:10     | Entered Level 10 of the Dungeon
 14336 | D:10     | Found a staircase to the Lair.
 14354 | D:9      | Reached skill level 5 in Spellcasting
 14354 | D:9      | Reached XP level 11. HP: 83/89 MP: 18/18
 14684 | D:10     | Found an opulent altar of Gozag.
 14981 | D:10     | Noticed a two-headed ogre
 14990 | D:10     | Killed a two-headed ogre
 15029 | D:10     | Reached skill level 10 in Fighting
 15657 | D:10     | Found a hide-covered altar of Uskayaw.
 16015 | D:10     | Found a basalt altar of Yredelemnul.
 16364 | D:10     | Reached skill level 5 in Armour
 16495 | D:10     | Reached XP level 12. HP: 71/97 MP: 18/19
 16774 | D:10     | Found a staircase to the Lair.
 16776 | D:10     | Found a basalt altar of Yredelemnul.
 16994 | D:10     | Found a hide-covered altar of Uskayaw.
 17088 | D:10     | Found an opulent altar of Gozag.
 17394 | D:11     | Noticed a two-headed ogre
 17407 | D:11     | Killed a two-headed ogre
 17589 | D:11     | Reached skill level 10 in Shields
 18015 | D:11     | Identified the +1 ring mail of Nemelex Xobeh's Wrath
                  | {Slay+2 Stlth+}
 18033 | D:11     | Reached skill level 1 in Conjurations
 18717 | D:11     | Found a staircase to the Orcish Mines.
 18787 | D:11     | Noticed a two-headed ogre
 18798 | D:11     | Killed a two-headed ogre
 19167 | D:11     | Learned a level 2 spell: Searing Ray
 19172 | D:11     | Learned a level 4 spell: Fulminant Prism
 19226 | Lair:1   | Entered Level 1 of the Lair of Beasts
 19523 | Lair:1   | Noticed Fannar
 19542 | Lair:1   | Killed Fannar
 20012 | Lair:1   | Reached skill level 5 in Conjurations
 20337 | Lair:1   | Reached XP level 13. HP: 103/104 MP: 22/22
 20494 | Lair:1   | Identified the +11 long sword of Imminent Death {pain,
                  | Int+3}
 22080 | Lair:2   | Reached skill level 1 in Hexes
 25742 | Lair:3   | Noticed a five-headed hydra
 25764 | Lair:3   | Killed a five-headed hydra
 25765 | Lair:3   | Reached XP level 14. HP: 94/114 MP: 23/23
 25859 | Lair:3   | Found a staircase to the Swamp.
 26442 | Lair:3   | Found a hole to the Spider Nest.
 27122 | Lair:4   | Found a shimmering blue altar of Sif Muna.
 28810 | Lair:5   | Entered Level 5 of the Lair of Beasts
 29101 | Lair:5   | Learned a level 3 spell: Stone Arrow
 29108 | Lair:5   | Found a staircase to the Slime Pits.
 29109 | Lair:5   | Found a viscous altar of Jiyva.
 29966 | Lair:5   | Reached skill level 1 in Earth Magic
 31350 | Lair:5   | Reached XP level 15. HP: 120/120 MP: 26/26
 33377 | Lair:5   | Found a corrupted altar of Lugonu.
 33377 | Lair:5   | Found a one-way gate to the infinite horrors of the Abyss.
 33383 | Lair:5   | Identified the ring "Veumne Otong" {Str+4 Int+6 Dex+2}
 33858 | D:12     | Noticed Sonja
 33934 | D:12     | Killed Sonja
 34278 | D:12     | Learned a level 4 spell: Sticky Flame
 34496 | D:12     | Reached skill level 10 in Evocations
 35712 | Orc:1    | Entered Level 1 of the Orcish Mines
 35969 | Orc:1    | Noticed Harold
 36076 | Orc:1    | Killed Harold
 36389 | Orc:1    | Found Mine's Armour Emporium.
 36449 | Orc:1    | Noticed a stone giant
 36788 | Orc:1    | Found a transporter.
 36824 | Orc:2    | Entered Level 2 of the Orcish Mines
 36830 | Orc:2    | Reached skill level 10 in Conjurations
 36841 | Orc:2    | Noticed Jorgrun
 37006 | Orc:2    | Found a staircase to the Elven Halls.
 37012 | Orc:2    | Killed Jorgrun
 37338 | Orc:2    | Noticed an orc warlord
 37343 | Orc:2    | Reached skill level 10 in Spellcasting
 37404 | Orc:2    | Found Yptasi's Antique Armour Boutique.
 37449 | Orc:2    | Found Omaiqoat's Antique Weapon Boutique.
 37453 | Orc:2    | Bought a runed scimitar for 259 gold pieces
 37513 | Orc:2    | Killed an orc warlord
 37608 | Orc:2    | Found Odwat's Jewellery Boutique.
 37669 | Orc:2    | Reached XP level 16. HP: 122/127 MP: 21/30
 38018 | Orc:2    | Bought a ring of see invisible for 180 gold pieces
 38363 | Orc:2    | Found Povunit's General Store.
 38372 | Orc:2    | Bought a scroll of fear for 52 gold pieces
 38372 | Orc:2    | Bought a scroll of blinking for 97 gold pieces
 38372 | Orc:2    | Bought a scroll of blinking for 97 gold pieces
 38372 | Orc:2    | Bought 2 potions of lignification for 78 gold pieces
 38372 | Orc:2    | Bought a scroll of fog for 52 gold pieces
 38372 | Orc:2    | Bought a scroll of identify for 26 gold pieces
 38372 | Orc:2    | Bought a potion of heal wounds for 65 gold pieces
 38372 | Orc:2    | Bought a scroll of poison for 52 gold pieces
 38426 | Orc:2    | Found Gohuagot's Antique Weapon Shop.
 38434 | Orc:2    | Bought a runed morningstar for 252 gold pieces
 38932 | D:13     | Found a gate to the Vaults.
 38957 | D:13     | Learned a level 7 spell: Ozocubu's Refrigeration
 39076 | D:13     | Reached skill level 1 in Ice Magic
 39332 | D:13     | Reached skill level 2 in Ice Magic
 40270 | D:13     | Reached skill level 3 in Ice Magic
 40964 | D:14     | Learned a level 5 spell: Irradiate
 41051 | D:14     | Reached skill level 4 in Ice Magic
 41135 | D:14     | Found a transporter.
 41137 | D:14     | Noticed a frost giant
 41544 | D:14     | Found a transporter.
 41546 | D:14     | Found a transporter.
 41550 | D:14     | Found a transporter.
 41621 | D:14     | Reached skill level 1 in Transmutations
 41665 | D:14     | Found a transporter.
 41711 | D:14     | Found a portal to a secret trove of treasure.
 41735 | D:14     | Identified the +4 quarterstaff "Newtslayer" {freeze, rElec
                  | rCorr Dex+5 Stlth-}
 41807 | D:15     | Entered Level 15 of the Dungeon
 41931 | D:15     | Found a burning altar of Makhleb.
 42193 | D:15     | Reached skill level 5 in Ice Magic
 42353 | D:15     | Found a staircase to the Depths.
 43190 | D:15     | Reached XP level 17. HP: 128/136 MP: 30/31
 43194 | D:15     | Reached skill level 6 in Ice Magic
 43934 | D:15     | Learned a level 1 spell: Apportation
 44696 | Spider:1 | Entered Level 1 of the Spider Nest
 44892 | Spider:1 | Reached skill level 7 in Ice Magic
 46665 | Spider:1 | Found a runed translucent gate.
 46667 | Spider:1 | Noticed Ysic's ghost (journeyman FeSu)
 46668 | Spider:1 | Found a runed translucent gate.
 46668 | Spider:1 | Noticed Ysic's ghost (journeyman FeSu)
 46668 | Spider:1 | Noticed Mango's ghost (adept FoSu)
 46669 | Spider:1 | Found a runed translucent gate.
 46669 | Spider:1 | Noticed Leboarus's ghost (journeyman GrFi)
 46669 | Spider:1 | Noticed cpf86's ghost (journeyman KoEn)
 46847 | Spider:1 | Reached skill level 8 in Ice Magic
 48605 | Spider:2 | Identified Roxanne's Handbook of the Mantle
 48605 | Spider:2 | Noticed Roxanne
 48632 | Spider:2 | Noticed Arachne
 49291 | Spider:2 | Reached skill level 9 in Ice Magic
 50523 | Spider:2 | Killed Roxanne
 50802 | Spider:2 | Gained mutation: You are frail. (-10% HP) [mutagenic glow]
 50821 | Spider:2 | Killed Arachne
 51801 | Spider:3 | Reached skill level 5 in Transmutations
 51903 | Spider:3 | Reached skill level 10 in Ice Magic
 51905 | Spider:3 | Reached XP level 18. HP: 128/128 MP: 18/33
 53032 | Spider:3 | Gained mutation: You occasionally lose the ability to read
                  | scrolls when taking damage. [mutagenic glow]
 53039 | Spider:3 | Gained mutation: You are very frail. (-20% HP) [mutagenic
                  | glow]
 53052 | Spider:3 | Gained mutation: You have hidden genetic defects.
                  | [mutagenic glow]
 53209 | Spider:3 | Lost mutation: You occasionally lose the ability to read
                  | scrolls when taking damage. [potion of mutation]
 53209 | Spider:3 | Lost mutation: You have hidden genetic defects. [potion of
                  | mutation]
 53209 | Spider:3 | Lost mutation: You are very frail. (-20% HP) [potion of
                  | mutation]
 53209 | Spider:3 | Gained mutation: Your system is resistant to poisons.
                  | (rPois) [potion of mutation]
 53209 | Spider:3 | Gained mutation: Your muscles are strong. (Str +4, Int/Dex
                  | -1) [potion of mutation]
 53209 | Spider:3 | Gained mutation: Your body sometimes deteriorates upon
                  | taking damage. [potion of mutation]
 53209 | Spider:3 | Gained mutation: Your movements are slightly less
                  | encumbered by armour. (ER -2) [potion of mutation]
 53210 | Spider:3 | Lost mutation: Your system is resistant to poisons. (rPois)
                  | [potion of mutation]
 53210 | Spider:3 | Lost mutation: Your body sometimes deteriorates upon taking
                  | damage. [potion of mutation]
 53210 | Spider:3 | Lost mutation: Your movements are slightly less encumbered
                  | by armour. (ER -2) [potion of mutation]
 53210 | Spider:3 | Gained mutation: You are clumsy. (Dex -2) [potion of
                  | mutation]
 53210 | Spider:3 | Gained mutation: You have sharp toenails. [potion of
                  | mutation]
 53211 | Spider:3 | Lost mutation: Your muscles are strong. (Str +4, Int/Dex
                  | -1) [potion of mutation]
 53211 | Spider:3 | Lost mutation: You are clumsy. (Dex -2) [potion of
                  | mutation]
 53211 | Spider:3 | Lost mutation: You have sharp toenails. [potion of
                  | mutation]
 53211 | Spider:3 | Gained mutation: Armour fits poorly on your strangely
                  | shaped body. [potion of mutation]
 53211 | Spider:3 | Gained mutation: You are weak. (Str -2) [potion of
                  | mutation]
 53211 | Spider:3 | Gained mutation: You possess an exceptional clarity of
                  | mind. [potion of mutation]
 53212 | Spider:3 | Lost mutation: You are frail. (-10% HP) [potion of
                  | mutation]
 53212 | Spider:3 | Lost mutation: You possess an exceptional clarity of mind.
                  | [potion of mutation]
 53212 | Spider:3 | Lost mutation: Armour fits poorly on your strangely shaped
                  | body. [potion of mutation]
 53212 | Spider:3 | Gained mutation: You are very weak. (Str -4) [potion of
                  | mutation]
 53212 | Spider:3 | Gained mutation: Your mind is acute. (Int +4, Str/Dex -1)
                  | [potion of mutation]
 53213 | Spider:3 | Lost mutation: Your mind is acute. (Int +4, Str/Dex -1)
                  | [potion of mutation]
 53213 | Spider:3 | Lost mutation: You are very weak. (Str -4) [potion of
                  | mutation]
 53213 | Spider:3 | Lost mutation: You are weak. (Str -2) [potion of mutation]
 53213 | Spider:3 | Gained mutation: You passively map a small area around you.
                  | [potion of mutation]
 53708 | Spider:4 | Entered Level 4 of the Spider Nest
 53715 | Spider:4 | Reached skill level 11 in Ice Magic
 54195 | Spider:4 | Upgraded the game from 0.30-a0-1164-ge08a677 to
                  | 0.30-a0-1172-g7e8df60
 54555 | Spider:4 | Gained mutation: You are strong-willed. (Will+) [mutagenic
                  | glow]
 54571 | Spider:3 | Gained mutation: You are frail. (-10% HP) [mutagenic glow]
 54588 | Spider:3 | Gained mutation: You occasionally lose the ability to read
                  | scrolls when taking damage. [mutagenic glow]
 54690 | Spider:3 | Lost mutation: You passively map a small area around you.
                  | [potion of mutation]
 54690 | Spider:3 | Lost mutation: You occasionally lose the ability to read
                  | scrolls when taking damage. [potion of mutation]
 54690 | Spider:3 | Lost mutation: You are strong-willed. (Will+) [potion of
                  | mutation]
 54690 | Spider:3 | Gained mutation: Your mind is acute. (Int +4, Str/Dex -1)
                  | [potion of mutation]
 54690 | Spider:3 | Gained mutation: You have large cloven feet. [potion of
                  | mutation]
 54690 | Spider:3 | Gained mutation: You are partially covered in iridescent
                  | scales. (AC +2) [potion of mutation]
 54691 | Spider:3 | Lost mutation: Your mind is acute. (Int +4, Str/Dex -1)
                  | [potion of mutation]
 54691 | Spider:3 | Lost mutation: You are partially covered in iridescent
                  | scales. (AC +2) [potion of mutation]
 54691 | Spider:3 | Gained mutation: You occasionally lose the ability to drink
                  | potions when taking damage. [potion of mutation]
 54691 | Spider:3 | Gained mutation: You are partially covered in iridescent
                  | scales. (AC +2) [potion of mutation]
 54691 | Spider:3 | Lost mutation: You occasionally lose the ability to drink
                  | potions when taking damage. [potion of mutation]
 54691 | Spider:3 | Gained mutation: Your flesh is heat resistant. (rF+)
                  | [potion of mutation]
 54692 | Spider:3 | Lost mutation: You are frail. (-10% HP) [potion of
                  | mutation]
 54692 | Spider:3 | Lost mutation: You have large cloven feet. [potion of
                  | mutation]
 54692 | Spider:3 | Lost mutation: Your flesh is heat resistant. (rF+) [potion
                  | of mutation]
 54692 | Spider:3 | Gained mutation: You are weak. (Str -2) [potion of
                  | mutation]
 55342 | Spider:4 | Lost mutation: You are partially covered in iridescent
                  | scales. (AC +2) [potion of mutation]
 55342 | Spider:4 | Lost mutation: You are weak. (Str -2) [potion of mutation]
 55342 | Spider:4 | Gained mutation: Your movements are slightly less
                  | encumbered by armour. (ER -2) [potion of mutation]
 55342 | Spider:4 | Gained mutation: You are partially covered in large bone
                  | plates. (SH +4) [potion of mutation]
 56929 | Spider:3 | Reached skill level 12 in Ice Magic
 57326 | Spider:3 | Gained mutation: You are clumsy. (Dex -2) [mutagenic glow]
 58943 | Spider:4 | Identified the +2 hat of the Trees {Rampage Int+5}
 58963 | Spider:4 | Got a gossamer rune of Zot
 58973 | Spider:4 | Identified the scarf of the Garden {repulsion, Regen+}
 59900 | D:15     | Upgraded the game from 0.30-a0-1172-g7e8df60 to
                  | 0.30-a0-1176-gcdfb032
 60057 | Swamp:1  | Entered Level 1 of the Swamp
 60630 | Swamp:1  | Identified a scroll of acquirement
 60673 | Swamp:1  | Reached XP level 19. HP: 148/149 MP: 16/35
 60863 | Swamp:1  | Acquired 375 gold pieces
 61173 | Swamp:1  | Identified the +1 leather armour of Blue Salvation {rPois}
 61232 | Swamp:1  | Reached skill level 13 in Ice Magic
 64055 | Swamp:2  | Identified the +4 ring mail "Ofih" {rElec Will+}
 64322 | Swamp:3  | Noticed a tentacled monstrosity
 64323 | Swamp:3  | Noticed Mlioglotl
 64346 | Swamp:3  | Reached skill level 10 in Dodging
 64685 | Swamp:3  | Killed a tentacled monstrosity
 64761 | Swamp:3  | Upgraded the game from 0.30-a0-1176-gcdfb032 to
                  | 0.31-a0-1-g4198be8
 65382 | Swamp:3  | Reached skill level 14 in Ice Magic
 65733 | Swamp:3  | Killed Mlioglotl
 65974 | Swamp:3  | Noticed a tentacled monstrosity
 65991 | Swamp:3  | Killed a tentacled monstrosity
 66130 | Swamp:3  | Found a sparkling altar of Nemelex Xobeh.
 66483 | Swamp:4  | Entered Level 4 of the Swamp
 67010 | Swamp:3  | Found a sparkling altar of Nemelex Xobeh.
 67669 | Swamp:4  | Learned a level 3 spell: Ozocubu's Armour
 68317 | Swamp:4  | Reached XP level 20. HP: 153/160 MP: 30/36
 69222 | Swamp:4  | Got a decaying rune of Zot
 69810 | Spider:1 | Killed cpf86's ghost
 69810 | Spider:1 | Killed Ysic's ghost
 70044 | Spider:1 | Killed Leboarus's ghost
 70255 | Spider:1 | Killed Ysic's ghost
 70334 | Spider:1 | Identified the ring of Panentheism {Str+6 SInv}
 70345 | Spider:1 | Identified the +4 rapier "Grim Tooth" {freeze, Fly Dex+3}
 70461 | Spider:1 | Killed Mango's ghost
 71547 | Vaults:1 | Entered Level 1 of the Vaults
 71551 | Vaults:1 | Reached skill level 15 in Fighting
 71980 | Vaults:1 | Reached skill level 15 in Ice Magic
 72607 | Vaults:1 | Learned a level 6 spell: Iron Shot
 73426 | Vaults:1 | Found Qothil's Armour Shop.
 73891 | Vaults:1 | Reached skill level 5 in Earth Magic
 74067 | Vaults:1 | Paralysed by a sphinx for 3 turns
 76164 | Vaults:2 | Reached XP level 21. HP: 168/168 MP: 19/38
 76637 | Vaults:2 | Noticed Mara
 76814 | Vaults:2 | Killed Mara
 77906 | Vaults:2 | Found a runed translucent door.
 77907 | Vaults:2 | Noticed Pawaof's ghost (veteran KoBe)
 77932 | Vaults:2 | Noticed Saint Roka
 77939 | Vaults:2 | Killed Saint Roka
 78322 | Vaults:2 | You fall into a shaft and drop 1 floor!
 78471 | Vaults:3 | Acquired 787 gold pieces
 79171 | Vaults:2 | Paralysed by a great orb of eyes for 2 turns
 79352 | Vaults:2 | Identified the +1 robe "Veacuf" {rN+ Archmagi}
 80681 | Vaults:2 | Killed Pawaof's ghost
 82490 | Vaults:3 | Found a staircase to the Crypt.
 83173 | Vaults:4 | Reached skill level 15 in Spellcasting
 83173 | Vaults:4 | Reached skill level 16 in Ice Magic
 83544 | Vaults:4 | Reached XP level 22. HP: 175/175 MP: 26/41
 84802 | Vaults:4 | Noticed Zenata
 84811 | Vaults:4 | Killed Zenata
 85918 | Vaults:4 | Reached skill level 17 in Ice Magic
 86948 | Elf:1    | Entered Level 1 of the Elven Halls
 87075 | Elf:1    | Found a frozen archway.
 87144 | IceCv    | Entered an ice cave
 87231 | IceCv    | Found a transporter.
 87239 | IceCv    | Found a transporter.
 87560 | Elf:1    | Learned a level 9 spell: Polar Vortex
 88224 | Elf:1    | Paralysed by an air elemental for 1 turns
 88660 | Elf:2    | Identified the +6 plate armour of Qiwi {Str+2}
 89859 | Elf:2    | Found Dix Ceme's Antique Armour Emporium.
 89867 | Elf:2    | Bought a faintly glowing leather armour for 189 gold pieces
 89867 | Elf:2    | Identified the +1 leather armour of Focus {*Corrode rElec
                  | rC+ rN+} (You bought it in a shop on level 2 of the Elven
                  | Halls)
 89914 | Elf:2    | Found a runed translucent gate.
 89915 | Elf:2    | Found a runed translucent gate.
 89915 | Elf:2    | Found a runed translucent gate.
 89988 | Elf:2    | Reached XP level 23. HP: 182/182 MP: 39/42
 90353 | Elf:2    | Reached skill level 18 in Ice Magic
 91199 | Elf:3    | Entered Level 3 of the Elven Halls
 91848 | Elf:3    | Found a transporter.
 91849 | Elf:3    | Found a transporter.
 91849 | Elf:3    | Noticed Dega's ghost (adept SpHu)
 92286 | Elf:3    | Identified the ring "Tewkyta" {rElec rPois Will+ MP+9
                  | Dex+2}
 93602 | Elf:3    | Got the Compendium of Spellbinding and the Pyre
 93610 | Elf:3    | Identified the +5 chain mail of Privacy {rC++ Stlth+}
 93620 | Elf:3    | Got Sif Muna's Catalogue of Immolation
 93625 | Elf:3    | Identified the staff of poison "Ciwk" {rElec rPois Will+}
 93713 | Elf:3    | Killed Dega's ghost
 93839 | Elf:3    | Identified the ring "Obaheid" {Int+6 Dex+5}
 93860 | Elf:3    | Learned a level 2 spell: Wereblood
 94559 | Depths:1 | Entered Level 1 of the Depths
 94911 | Depths:1 | Reached skill level 5 in Stealth
 95028 | Depths:1 | Noticed Sojobo
 95045 | Depths:1 | Killed Sojobo
 95046 | Depths:1 | Reached skill level 19 in Ice Magic
 95255 | Depths:1 | Found a glowing golden altar of the Shining One.
 95264 | Depths:1 | Found a gateway to Hell.
 95746 | Depths:1 | Reached skill level 15 in Shields
 96112 | Depths:1 | Reached XP level 24. HP: 139/191 MP: 27/42
 96594 | Depths:1 | Found Muhez's Tiny Tomes.
 96599 | Depths:1 | Bought the Spellbook of Configuration for 78 gold pieces
 96604 | Depths:1 | Learned a level 2 spell: Passwall
 97422 | Depths:2 | Found a one-way gate leading to the halls of Pandemonium.
 97430 | Depths:2 | Found Nejaheka's Antique Armour Emporium.
 97437 | Depths:2 | Reached skill level 20 in Ice Magic
 97478 | Depths:2 | Bought a faintly humming robe for 188 gold pieces
 97478 | Depths:2 | Identified the +0 robe of Danar {rElec} (You bought it in a
                  | shop on level 2 of the Depths)
 97482 | Depths:2 | Found Avu Goxt's Book Shoppe.
 97553 | Depths:2 | Bought Great Wizards, Vol. VII for 450 gold pieces
 97559 | Depths:2 | Learned a level 5 spell: Yara's Violent Unravelling
 98294 | Depths:2 | Noticed Bai Suzhen
 98303 | Depths:2 | Killed Bai Suzhen
 98429 | Depths:2 | Found a transporter.
 98431 | Depths:2 | Found a corrupted altar of Lugonu.
 98604 | Depths:2 | Found a transporter.
 98607 | Depths:2 | Identified the ring of Pillam {Contam rElec rPois rC+ SInv}
 98981 | Depths:3 | Found Leviur's Assorted Antiques.
 98995 | Depths:3 | Reached skill level 21 in Ice Magic
 99871 | Depths:2 | Acquired the amulet "Xaoguh" {Acrobat Will+}
100273 | Depths:3 | Reached skill level 22 in Ice Magic
100511 | Depths:3 | Found a corrupted altar of Lugonu.
100516 | Depths:3 | Noticed a golden dragon
100529 | Depths:3 | Killed a golden dragon
100591 | Depths:3 | Bought a potion of mutation for 296 gold pieces
100591 | Depths:3 | Bought a scroll of magic mapping for 277 gold pieces
101203 | Depths:4 | Entered Level 4 of the Depths
101210 | Depths:4 | Noticed Parghit
101285 | Depths:4 | Reached XP level 25. HP: 187/197 MP: 26/42
101787 | Depths:4 | Found a one-way gateway to a ziggurat.
101812 | Depths:4 | Noticed a caustic shrike
101814 | Depths:4 | Noticed a caustic shrike
101814 | Depths:4 | Noticed a caustic shrike
101815 | Depths:4 | Noticed a caustic shrike
101817 | Depths:4 | Noticed a caustic shrike
101823 | Depths:4 | Killed a caustic shrike
101823 | Depths:4 | Killed a caustic shrike
101824 | Depths:4 | Killed a caustic shrike
101826 | Depths:4 | Killed a caustic shrike
101826 | Depths:4 | Killed a caustic shrike
101827 | Depths:4 | Reached skill level 23 in Ice Magic
102361 | Depths:4 | Identified the +10 flail "Soach" {holy, Str+3 Dex+3}
102375 | Depths:4 | Noticed Boris
102631 | Depths:4 | Killed Boris
102666 | Depths:4 | Found a gate to the Realm of Zot.
102754 | Depths:4 | Found a broken altar of Ashenzari.
103399 | Depths:4 | Acquired a +3 double sword of holy wrath
103401 | Depths:4 | Acquired 592 gold pieces
104441 | Depths:4 | Parghit changed into Parghit the rockslime
104441 | Depths:4 | Noticed Parghit
104446 | Depths:4 | Killed Parghit the rockslime
104965 | Vaults:5 | Entered Level 5 of the Vaults
104977 | Vaults:5 | Reached skill level 24 in Ice Magic
105132 | Vaults:5 | Reached skill level 15 in Dodging
105844 | Vaults:5 | Identified the +7 morningstar "Killer Bee's Doom" {heavy,
                  | rF- rC+ rCorr Int+4}
106182 | Vaults:5 | Reached XP level 26. HP: 204/204 MP: 42/42
107077 | Vaults:5 | Identified the +2 flail of Responsibility {heavy, +Blink
                  | rC- Will+ Stlth+}
107085 | Vaults:5 | Noticed a dread lich
107090 | Vaults:5 | Killed a dread lich
107540 | Vaults:5 | Identified the +2 helmet of Space {rPois Int+2 Dex+3
                  | Stlth+}
107918 | Vaults:5 | Learned a level 2 spell: Lesser Beckoning
108155 | Vaults:5 | Identified the +1 robe of Fol Nema {Stlth+}
108173 | Vaults:5 | Got a silver rune of Zot
108247 | Vaults:5 | Identified the +0 ring mail of Blue Skies {Harm rPois rF++
                  | Str-3}
108618 | Zot:1    | Entered Level 1 of the Realm of Zot
108745 | Zot:1    | Noticed a curse toe
108751 | Zot:1    | Killed a curse toe
108764 | Zot:1    | Noticed an orb of fire
109070 | Zot:1    | Killed an orb of fire
109469 | Zot:1    | Found a runed translucent gate.
109469 | Zot:1    | Found a runed translucent gate.
109469 | Zot:1    | Noticed Relipn's ghost (master DsHu)
109470 | Zot:1    | Found a runed translucent gate.
109474 | Zot:1    | Noticed Ipiohoh's ghost (master TrFi)
110226 | Zot:1    | Reached XP level 27. HP: 186/217 MP: 43/43
112096 | Zot:2    | Reached skill level 1 in Translocations
113997 | Zot:2    | You fall into a shaft and drop 1 floor!
115016 | Zot:3    | Identified the +6 spear of the Eye-covered God {flame,
                  | rPois Str+3}
117673 | Zot:4    | Noticed a Killer Klown
117917 | Zot:4    | Killed a Killer Klown
118071 | Zot:5    | Entered Level 5 of the Realm of Zot
119895 | Zot:5    | Noticed a Killer Klown
119898 | Zot:5    | Killed a Killer Klown
120086 | Zot:5    | Noticed a Killer Klown
120086 | Zot:5    | Noticed a Killer Klown
120100 | Zot:5    | Killed a Killer Klown
120101 | Zot:5    | Killed a Killer Klown
120107 | Zot:5    | Noticed an orb of fire
120109 | Zot:5    | Gained mutation: You are dopey. (Int -2) [an orb of fire]
120118 | Zot:5    | Gained mutation: You occasionally shout uncontrollably at
                  | your foes. [an orb of fire]
120131 | Zot:5    | Killed an orb of fire
120309 | Zot:5    | Noticed a Killer Klown
120318 | Zot:5    | Killed a Killer Klown
120318 | Zot:5    | Noticed an ancient lich
120319 | Zot:5    | Noticed an orb of fire
120321 | Zot:5    | Gained mutation: You are very dopey. (Int -4) [an orb of
                  | fire]
120336 | Zot:5    | Killed an ancient lich
120355 | Zot:5    | Killed an orb of fire
120617 | Zot:5    | Reached skill level 25 in Ice Magic
120747 | Zot:5    | Reached skill level 10 in Armour
120747 | Zot:5    | Noticed an orb of fire
120755 | Zot:5    | Killed an orb of fire
120975 | Zot:5    | Noticed a Killer Klown
120980 | Zot:5    | Killed a Killer Klown
121130 | Zot:5    | Noticed a Killer Klown
121140 | Zot:5    | Killed a Killer Klown
121151 | Zot:5    | Noticed an orb of fire
121152 | Zot:5    | Gained mutation: You are weak. (Str -2) [an orb of fire]
121158 | Zot:5    | Noticed a Killer Klown
121161 | Zot:5    | Killed an orb of fire
121164 | Zot:5    | Killed a Killer Klown
121325 | Zot:5    | Noticed a Killer Klown
121333 | Zot:5    | Killed a Killer Klown
121354 | Zot:5    | Identified the +11 arbalest of Fear {penet, rPois rF+ rCorr
                  | Str+4}
121494 | Zot:5    | Identified the +3 ring mail of Weliybis {rElec Dex+4
                  | Stlth-}
121538 | Zot:5    | Noticed an orb of fire
121544 | Zot:5    | Killed an orb of fire
121803 | Zot:5    | Got the Orb of Zot
122235 | D:6      | Noticed an ancient lich
122376 | D:$      | Escaped with the Orb!

Illustrated notes

Levels and vault maps discovered:
D:1:      sevenhm_arrival_forest_fort_large_4, layout_loops_ring
D:2:      layout_rooms, basic_altar, serial_shops,
          nicolae_shop_temple_entry_statues_fountains
D:3:      layout_loops_ring, mainiacjoe_overflow_alcove_1, uniq_natasha
D:4:      layout_basic, lightli_minifort
D:5:      layout_loops_corners, nicolae_overflow_hidden_temple
D:6:      layout_basic, mainiacjoe_overflow_tiny_flanked,
          mainiacjoe_overflow_six_doors_small
D:7:      layout_basic, minmay_temple_entry_statues_fountains, serial_shops,
          nicolae_shop_bloodbath_and_beyond
D:8:      layout_basic, special_room [special_room_orc], uniq_joseph
D:9:      layout_small_grid, hellmonk_bongcloud_opening
D:10:     layout_long_grid, grunt_gozag_breadcrumbs,
          nicolae_yredelemnul_corpse_copse, nicolae_uskayaw_dance_hall,
          david_lair_generic, nicolae_nh_ransacked_shop
D:11:     layout_stronghold, hiddenorc2_lemuel
D:12:     layout_basic, uniq_sonja
D:13:     layout_irregular_city, david_vaults_5
D:14:     gammafunk_the_bubble [the_bubble_gammafunk_roulette],
          layout_cave_pools, nicolae_trove_entry_crossroad,
          dreamdust_princess_corridor, chequers_garden,
          statue_in_the_mist_lemuel, hex_medium
D:15:     grunt_enter_depths_magical_seal, layout_loops_ring, bloody_makhleb,
          st_stairs_4, minmay_statue_bubble
Temple:   nicolae_temple_god_jail
Lair:1:   layout_regular_city, grunt_megastairs_4, uniq_fannar
Lair:2:   regret_index_tunnel_blossom, layout_small_grid,
          grunt_forest_large_clearings, lemuel_fruit_fields
Lair:3:   layout_cave_pods, skrybe_swamp_entry_bodies,
          nicolae_spider_entry_non_spiders, columned_hall_lemuel,
          serial_bayou_shore_a
Lair:4:   layout_long_grid, basic_altar, nzn_sisyphean_effort
Lair:5:   hellmonk_lair_end_abyssal_woods, layout_regular_city, slime_entry_1
Swamp:1:  layout_basic_swamp, evilmike_swamp_ruin_house_6, swamp_pool4
Swamp:2:  layout_basic_swamp, evilmike_swamp_ruin_house_5, swamp_pool1,
          nicolae_swamp_trees_clearing, st_swamp_ruins_1
Swamp:3:  layout_basic_swamp, lemuel_altar_in_water, uniq_mlioglotl
Swamp:4:  swamp_fiery, layout_basic_swamp, infiniplex_staircase_pool
Spider:1: layout_spider_delve, gammafunk_ghost_cemetery
Spider:2: layout_spider_delve, uniq_arachne, uniq_roxanne
Spider:3: nicolae_orb_stairs_large
Spider:4: hellmonk_spider_rune_bug_friends, nicolae_spider_checkerboard
Orc:1:    emtedronai_trogs_sanctum, layout_diamond_mine, serial_shops,
          nicolae_shop_statue_plus, mines1_david, uniq_harold
Orc:2:    grunt_orc_gardens, layout_diamond_mine, grunt_orc_garden,
          grunt_orc_garden, grunt_orc_garden, grunt_orc_garden, serial_shops,
          nicolae_shop_back_alley_shop, uniq_jorgrun
Elf:1:    minmay_elf_arrival_circle, layout_geoelf_octagon,
          portal_ice_cave_entry_pillars_2, hangedman_elven_crosses_minicolossus
Elf:2:    nicolae_elf_blades_crystal_corner, layout_onion_city, serial_shops,
          shop
Elf:3:    minmay_elf_hall_dome, layout_gridlike, gammafunk_ghost_arena
Vaults:1: st_cells, hangedman_vaults_nails,
          nicolae_vaults_windows_and_doors_thing, v_rooms_5, vaults_dpeg_ring,
          nicolae_vaults_stepped_doors, nicolae_vaults_ellipses_ellipsis,
          nicolae_vaults_layer_cake_slice, grunt_vaults_twisty,
          nicolae_vaults_double_plus_2, layout_vaults_maze_snakey, serial_shops,
          nicolae_shop_pleasant_corner_grove
Vaults:2: hellmonk_ghost_big_iron, nicolae_vaults_trapezoid_1,
          nicolae_vaults_tetromino_L_2, nicolae_vaults_closet_pinwheel_1,
          nicolae_vaults_storage_closets_1, nicolae_vaults_trapezoid_layered,
          vaults_room_large_hall, nicolae_vaults_sealed_display,
          nicolae_vaults_little_ls, layout_vaults_big_room, uniq_saint_roka,
          uniq_mara
Vaults:3: ontoclasm_vaults_ring_square, ontoclasm_vaults_decontamination,
          v_misc_2, ontoclasm_vaults_eye, nicolae_vaults_house_1,
          v_alt_pattern_4, v_misc_27, vaults_room_semicircle,
          blue_anna_dwarven_crypt, nicolae_vaults_storage_room_doors,
          layout_vaults_omnigrid
Vaults:4: v_misc_12, hangedman_vaults_nodes, nicolae_vaults_closet_pinwheel_6,
          nicolae_vaults_wine_cellar, vaults_mumra_lcd,
          nicolae_vaults_border_crossing, grunt_vaults_trifunnel,
          ontoclasm_vaults_claustrophobia, hangedman_vaults_stretched_pinwheel,
          vaults_room_octagon, nicolae_vaults_house_2, layout_vaults_big_cross,
          uniq_zenata
Vaults:5: serial_shops
Depths:1: layout_gridlike, hell_entry, minmay_misc_feat_rows,
          corexii_corridor_pit, nicolae_eternal_life, minmay_variable_closet,
          nicolae_shop_i_like_small_books_too, tso_metal_star, uniq_sojobo
Depths:2: gammafunk_corrupted_shrine, layout_long_grid, pan_entry,
          pf_hell_entry_tar_spiral, minmay_crystal_water,
          minmay_misc_feat_hallway, minmay_shoptagon, uniq_bai_suzhen
Depths:3: hangedman_cross_stitches, layout_cave_shapes, abyss_entry_flame_altar,
          grunt_mini_vestibule, serial_shops, nicolae_shop_statue_plus
Depths:4: evilmike_zot_entry_basic, layout_basic, enter_ziggurat_f,
          evilmike_ruin_ashenzari, hangedman_coc_ice_floe, uniq_boris,
          uniq_parghit
Zot:1:    infiniplex_zot_generator, layout_cathedral_of_symmetry,
          gammafunk_ghost_cemetery, grunt_ministairs_7, zot_minivault_1
Zot:2:    kennysheep_bubbly, layout_onion_interference,
          hangedman_zot_wheel_spokes, nicolae_zot_crop_circle
Zot:3:    layout_twisted_circle, grunt_megastairs_2
Zot:4:    layout_twisted_circle, zot_minivault_8
Zot:5:    layout_gridlike, lemuel_golem_globe

Skill      XL: |  1  2  3  4  5  6  7  8  9 10 11 12 13 14 15 16 17 18 19 20 21 22 23 24 25 26 27 |
---------------+----------------------------------------------------------------------------------+-----
Stealth        | 1 2 3 5 6 7 |  7.0
Spellcasting   | 2 3 4 5 6 7 10 11 12 13 15 16 18 | 18.0
Fighting       | 4 5 6 7 9 10 11 12 13 14 15 16 18 19 | 19.9
Fire Magic     | 4 5 6 |  6.0
Dodging        | 2 4 5 8 9 10 12 14 15 16 19 | 19.9
Polearms       | 2 |  2.0
Evocations     | 3 5 6 8 9 10 11 12 13 | 13.0
Throwing       | 2 |  2.0
Armour         | 2 5 6 11 | 11.0
Shields        | 5 8 10 11 12 13 14 15 | 15.0
Conjurations   | 5 6 8 10 11 | 11.0
Hexes          | 4 |  4.0
Earth Magic    | 2 8 |  8.0
Ice Magic      | 5 10 12 14 15 16 17 19 22 24 25 | 25.0
Transmutations | 2 5 |  5.0
Translocations | 1 |  1.0
Long Blades    | |  3.0

Action                     |  1- 3 |  4- 6 |  7- 9 | 10-12 | 13-15 | 16-18 | 19-21 | 22-24 | 25-27 || total
---------------------------+-------+-------+-------+-------+-------+-------+-------+-------+-------++-------
  Melee: Falchion          |    40 |    33 |       |       |       |       |       |       |       ||    73
         Hand axe          |       |    12 |    11 |       |       |       |       |       |       ||    23
         Spear             |       |       |    95 |   266 |     4 |       |       |       |       ||   365
         Punch             |       |       |       |     2 |       |       |       |       |       ||     2
         Morningstar       |       |       |       |    15 |       |       |       |       |       ||    15
         Long sword        |       |       |       |       |   243 |    73 |     9 |       |       ||   325
         War axe           |       |       |       |       |     5 |       |       |       |       ||     5
         Scimitar          |       |       |       |       |       |    36 |    22 |       |       ||    58
         Staff             |       |       |       |       |       |       |    18 |     7 |    18 ||    43
         Demon blade       |       |       |       |       |       |       |   268 |   135 |     2 ||   405
   Fire: Sling             |    48 |    32 |       |       |       |       |       |       |       ||    80
  Throw: Stone             |       |    36 |    36 |     1 |    12 |       |       |       |       ||    85
         Dart              |       |       |    17 |    85 |   136 |    13 |       |     1 |     1 ||   253
         Throwing net      |       |       |       |     1 |     2 |     3 |       |       |       ||     6
         Javelin           |       |       |       |     4 |     2 |       |       |       |       ||     6
         Boomerang         |       |       |       |     1 |     2 |    54 |       |     5 |       ||    62
   Cast: Scorch            |     9 |    44 |   131 |   366 |   274 |     5 |       |       |       ||   829
         Searing Ray       |       |       |       |     1 |    85 |     1 |       |       |       ||    87
         Wereblood         |       |       |       |       |     4 |       |       |       |       ||     4
         Stone Arrow       |       |       |       |       |   281 |   590 |    19 |       |       ||   890
         Fulminant Prism   |       |       |       |       |    65 |    28 |     6 |     2 |       ||   101
         Sticky Flame      |       |       |       |       |    15 |       |       |       |       ||    15
         Irradiate         |       |       |       |       |       |   174 |    66 |    48 |   121 ||   409
         Apportation       |       |       |       |       |       |     2 |     2 |     3 |       ||     7
         Ozocubu's Refrige |       |       |       |       |       |    87 |   533 |   418 |   165 ||  1203
         Ozocubu's Armour  |       |       |       |       |       |       |     3 |    17 |    30 ||    50
         Iron Shot         |       |       |       |       |       |       |    50 |    69 |   161 ||   280
         Polar Vortex      |       |       |       |       |       |       |       |    22 |   158 ||   180
         Yara's Violent Un |       |       |       |       |       |       |       |     1 |       ||     1
         Lesser Beckoning  |       |       |       |       |       |       |       |       |    42 ||    42
         Passwall          |       |       |       |       |       |       |       |       |     5 ||     5
 Invoke: Fiery Armour      |       |     1 |     1 |     1 |       |       |     1 |       |       ||     4
  Evoke: Wand              |       |       |    14 |    23 |    13 |     4 |     4 |    13 |    24 ||    95
         Condenser vane    |       |       |       |     2 |     1 |     3 |     1 |     2 |     3 ||    12
         Phial of floods   |       |       |       |     1 |     1 |     1 |     1 |     2 |     2 ||     8
         Lightning rod     |       |       |       |       |     4 |     4 |     7 |     8 |       ||    23
         Phantom mirror    |       |       |       |       |     1 |       |     2 |       |     2 ||     5
         Box of beasts     |       |       |       |       |       |       |       |     1 |     3 ||     4
    Use: Potion            |     1 |       |     4 |     2 |       |    22 |     3 |     2 |    15 ||    49
         Scroll            |     1 |       |     9 |     5 |     7 |     8 |     8 |    17 |    16 ||    71
   Stab: Sleeping          |     1 |       |       |     2 |       |       |       |       |       ||     3
 Armour: Leather armour    |    20 |    25 |    48 |   145 |   174 |   184 |   140 |    86 |   141 ||   963
         Robe              |     1 |       |       |       |       |       |       |       |       ||     1
         Skin              |       |       |       |       |       |       |       |       |    23 ||    23
  Dodge: Dodged            |    43 |    33 |    72 |   208 |   300 |   382 |   139 |   131 |   350 ||  1658
  Block: Other             |       |       |     9 |    33 |       |       |       |       |       ||    42
         Reflection        |       |       |     1 |     6 |    19 |    56 |    19 |    16 |    22 ||   139
         Kite shield       |       |       |       |   327 |   645 |   539 |       |       |       ||  1511
         Buckler           |       |       |       |       |       |   140 |   269 |   243 |   417 ||  1069

Table legend: (Time is in decaauts)
 A = Elapsed time spent in this place.
 B = Non-inter-level travel time spent in this place.
 C = Inter-level travel time spent in this place.
 D = Time resting spent in this place.
 E = Time spent auto-exploring this place.
 F = Levels seen in this place.
 G = Mean time per level.
                   A        B        C        D        E       F      G
               +--------+--------+--------+--------+--------+-----+--------+
         Total | 123263 | 114877 |   8386 |  58912 |  24458 |  49 | 2515.6 |
       Dungeon |  30629 |  26813 |   3816 |  10549 |   4909 |  15 | 2041.9 |
        Temple |    180 |    168 |     12 |    113 |     23 |   1 |  180.0 |
          Lair |  15263 |  14246 |   1017 |   6491 |   2303 |   5 | 3052.6 |
         Swamp |   9535 |   9207 |    328 |   5848 |   1983 |   4 | 2383.8 |
   Spider Nest |  16213 |  15368 |    845 |   9042 |   3465 |   4 | 4053.2 |
  Orcish Mines |   2680 |   2406 |    274 |   1027 |    464 |   2 | 1340.0 |
   Elven Halls |   6957 |   6434 |    523 |   3202 |   1738 |   3 | 2319.0 |
        Vaults |  18648 |  17980 |    668 |  10482 |   4442 |   5 | 3729.6 |
        Depths |  10160 |   9587 |    573 |   5500 |   2125 |   4 | 2540.0 |
           Zot |  12661 |  12334 |    327 |   6411 |   3004 |   5 | 2532.2 |
      Ice Cave |    333 |    333 |      0 |    245 |      0 |   1 |  333.0 |
               +--------+--------+--------+--------+--------+-----+--------+

Top non-repeatable levels by time:
Vaults:4: 5429 daAuts
Spider:1: 4578 daAuts
Spider:2: 4191 daAuts
  Lair:2: 4176 daAuts
Vaults:1: 4159 daAuts
Vaults:2: 4099 daAuts
  Lair:5: 4017 daAuts
Spider:3: 3936 daAuts
Spider:4: 3506 daAuts
   Zot:1: 3471 daAuts
    D:10: 3444 daAuts
   Zot:5: 3311 daAuts
    D:13: 3160 daAuts
Depths:4: 3084 daAuts
 Swamp:2: 3014 daAuts
